 Dungeon Crawl Stone Soup version 0.30-b1-2-g02819fbbbe (webtiles) character file.

Game seed: 854258953370392339

28 Alarkh the Shooter (level 3, 27/27 HPs)
             Began as a Demonspawn Hunter on May 25, 2023.
             Got out of the dungeon alive.
             The game lasted 00:00:42 (852 turns).

Alarkh the Shooter (Demonspawn Hunter)               Turns: 852, Time: 00:00:42

Health: 27/27      AC:  6    Str: 11    XL:     3   Next: 0%
Magic:  3/3        EV: 11    Int: 12    God:
Gold:   16         SH:  0    Dex: 16    Spells: 2/2 levels left

rFire   . . .        a - +0 shortbow
rCold   . . .        (shield currently unavailable)
rNeg    . . .        c - +0 leather armour
rPois   .            h - +0 helmet
rElec   .            (no cloak)
rCorr   .            (no gloves)
SInv    .            (no boots)
Will    .....        k - amulet of magic regeneration
Stlth   +            (no ring)
HPRegen 0.24/turn    (no ring)
MPRegen 0.48/turn

%: no passive effects
@: no status effects
A: slimy green scales 1, weakness stinger 1
a: no special abilities


You escaped.
You visited 1 branch of the dungeon, and saw 1 of its levels.

You collected 16 gold pieces.

Inventory:

Hand Weapons
 a - a +0 shortbow (weapon)
Armour
 c - a +0 leather armour (worn)
 h - a +0 helmet (worn)
Magical Staves
 i - a staff of fire
 l - a staff of poison
Jewellery
 e - a ring of fire
 k - an amulet of magic regeneration (around neck)
Scrolls
 b - a scroll of immolation
 g - a scroll of poison {unknown}
 j - a scroll of butterflies {unknown}
Potions
 d - a potion of curing {unknown}
 f - a potion of attraction {unknown}


   Skills:
 - Level 2.0 Fighting
 + Level 4.5 Ranged Weapons
 - Level 1.7 Dodging
 - Level 0.8 Stealth


You had 2 spell levels left.
You didn't know any spells.
Your spell library was empty.

Dungeon Overview and Level Annotations

Branches:
Dungeon (1/15)

Altars:


Innate Abilities, Weirdness & Mutations

You are partially covered in slimy green scales. (AC +2)
You have a small tail.


Message History

You shoot an arrow. The arrow hits the rat.
You kill the rat!
No target in view!
A goblin comes into view. It is wielding a +0 club.
The goblin shouts!
A goblin is nearby!
You shoot an arrow. The arrow hits the goblin!
You kill the goblin!
No target in view!
You open the door.
Found 2 stones.
There is an open door here.
l - a staff of poison A kobold comes into view.
It is wielding a +0 whip.
The kobold shouts!
You shoot an arrow. The arrow closely misses the kobold.
You shoot an arrow. The arrow hits the kobold.
The kobold is severely wounded.
You shoot an arrow. The arrow hits the kobold!
You kill the kobold!
No target in view!
A hobgoblin comes into view.
A hobgoblin is nearby!
A hobgoblin is nearby!
You shoot an arrow. The arrow hits the hobgoblin.
You kill the hobgoblin!
You have reached level 3!
Your experience leads to an increase in your attributes!
Increase (S)trength, (I)ntelligence, or (D)exterity?
You feel clever. x2; Your demonic ancestry asserts itself...
Slimy green scales grow over part of your body.
Things that are here:
a +0 whip; a kobold corpse Done exploring.
Done exploring.
There is an open door here.
There is a staircase leading out of the dungeon here.
Key pressed, stopping travel.
Are you sure you want to leave the Dungeon?
This will make you lose the game!
You have escaped!

# #.#..# #.............# #... #
#.#..# #..........)..# #... #
#.#..###############..#### #)..
###.........# #......###...
....#..##############............
....#.## #.....'........#####
....#.# #..#..##......## #.
###.#.# #..#..#####'### #. #
#.#.########..@..##..(..# #.
###.........##.....##..8..# #.
............#########.....# #.
########....################ #.
#........................# #.
#.######..##.###########.### #.
#.# #..##.....(..[......#### #.#
#..##...................
###'######..##...................


There were no monsters in sight!

Vanquished Creatures
  4 ball pythons (D:1)
  3 bats (D:1)
  6 endoplasms (D:1)
  4 goblins (D:1)
  2 hobgoblins (D:1)
  A frilled lizard (D:1)
  A kobold (D:1)
  5 rats (D:1)
26 creatures vanquished.

Notes
Turn   | Place    | Note
-------+----------+-------------------------------------------
     0 | D:1      | Alarkh the Demonspawn Hunter began the quest for the Orb.
     0 | D:1      | Reached XP level 1. HP: 16/16 MP: 1/1
    33 | D:1      | Reached skill level 4 in Ranged Weapons
    39 | D:1      | Gained mutation: You have a small tail. [demonic ancestry]
    39 | D:1      | Reached XP level 2. HP: 22/22 MP: 2/2
   783 | D:1      | Gained mutation: You are partially covered in slimy green
                  | scales. (AC +2) [demonic ancestry]
   783 | D:1      | Reached XP level 3. HP: 27/27 MP: 3/3
   852 | D:$      | Got out of the dungeon alive.

Illustrated notes

Levels and vault maps discovered:
D:1:      dpeg_arrival_rooms_b, layout_basic, minmay_box_of_dots

Skill      XL: |  1 |
---------------+----+-----
Ranged Weapons | 4 |  4.5
Fighting       | |  2.0
Dodging        | |  1.7
Stealth        | |  0.8

Action                     || total
---------------------------++-------
   Fire: Shortbow          ||    57
 Armour: Leather armour    ||     7
  Dodge: Dodged            ||    10
